 Dungeon Crawl Stone Soup version 0.32-a0-861-g165e151e72 (webtiles) character file.

Game seed: 8880883015104915213

54984 Nvm9 the Eye of the Storm (level 14, -8/114 HPs)
             Began as a Demonspawn Fighter on Mar 28, 2024.
             Was a Priest of Qazlal.
             Mangled by a death knight
             ... wielding a +4 great sword
              (16 damage)
             ... on level 13 of the Dungeon.
             The game lasted 00:49:30 (18654 turns).

Nvm9 the Eye of the Storm (Demonspawn Fighter)     Turns: 18654, Time: 00:49:30

Health: -8/114     AC: 24    Str: 27    XL:     14   Next: 36%
Magic:  19/23      EV:  4    Int:  9    God:    Qazlal [***...]
Gold:   610        SH: 11    Dex: 16    Spells: 13/13 levels left

rFire   + . .        r - +0 broad axe (flame)
rCold   + + .        c - +0 buckler
rNeg    . . .        u - +1 gold dragon scales
rPois   +            (helmet unavailable)
rElec   .            K - +1 cloak {rCorr}
rCorr   +            k - +0 pair of gloves
SInv    +            (no boots)
Will    +++..        b - amulet of regeneration Stlth
                     J - ring of protection from cold
HPRegen 1.99/turn    L - ring "Bapidun" {Will++ rCorr Str+6 Dex+3 Slay+2}
MPRegen 0.18/turn

%: no passive effects
@: hasted, very quick
A: antennae 3, yellow scales 1, spiny 2, demonic magic 1, regeneration 1
a: Renounce Religion, Upheaval, Elemental Force


You were on level 13 of the Dungeon.
You worshipped Qazlal.
Qazlal was most pleased with you.
You visited 4 branches of the dungeon, and saw 18 of its levels.
You also visited: Sewer.

You collected 1592 gold pieces.
You spent 982 gold pieces at shops.

Inventory:

Hand Weapons
 a - a +1 war axe of flaming
 p - a +2 battleaxe of venom
 r - a +0 broad axe of flaming (weapon)
 C - a +2 heavy war axe
 D - a +0 whip of electrocution
 E - a +3 war axe
Missiles
 h - 20 boomerangs
 v - 2 throwing nets
 w - 3 javelins
 x - 16 poisoned darts (quivered)
 A - a curare-tipped dart
Armour
 c - a +0 buckler (worn)
 k - a +0 pair of gloves (worn)
 m - the +2 troll leather armour of the Mpinguari {rN+ Regen+ rCorr Int+3}
   (You found it on level 2 of the Dungeon)

   Int+3:     It affects your intelligence (+3).
   rN+:       It protects you from negative energy.
   Regen+:    It increases your rate of health regeneration.
   rCorr:     It protects you from acid and corrosion.
 u - +1 gold dragon scales (worn)
 K - a +1 cloak of preservation (worn)
Jewellery
 b - an amulet of regeneration (around neck)
 g - a ring of ice
 J - a ring of protection from cold (left hand)
 L - the ring "Bapidun" (right hand) {Will++ rCorr Str+6 Dex+3 Slay+2}
   (You took it off a meliai on level 10 of the Dungeon)

   [ring of strength]

   Str+6:     It affects your strength (+6).
   Dex+3:     It affects your dexterity (+3).
   Slay+2:    It affects your accuracy & damage with ranged weapons and melee
   (+2).
   Will++:    It greatly increases your willpower.
   rCorr:     It protects you from acid and corrosion.
Wands
 q - a wand of flame (87)
 s - a wand of acid (1)
 t - a wand of warping (24)
 G - a wand of mindburst (35)
Scrolls
 d - a scroll of fog
 f - a scroll of fear
 i - 10 scrolls of identify
 o - 2 scrolls of summoning
 y - 3 scrolls of poison
 B - a scroll of blinking
 N - 3 scrolls of teleportation
 P - 2 scrolls of revelation
Potions
 e - 2 potions of magic
 j - a potion of enlightenment
 l - 4 potions of brilliance
 n - a potion of mutation
 H - a potion of haste


   Skills:
 * Level 11.8 Fighting
 * Level 10.6 Axes
 + Level 7.5 Throwing
 * Level 10.9 Armour
 * Level 10.9 Shields
 * Level 12.0 Invocations


You had 13 spell levels left.
You didn't know any spells.
Your spell library contained the following spells:

 Spells                   Type           Power      Damage    Failure   Level
 Apportation              Tloc           0%         N/A       100%        1
 Necrotise                Necr           0%         1d4       100%        1
 Sting                    Conj/Alch      0%         1d3       100%        1
 Summon Small Mammal      Summ           0%         N/A       100%        1
 Mercury Vapours          Alch/Air       0%         N/A       100%        2
 Scorch                   Fire           0%         2d5       100%        2
 Stone Arrow              Conj/Erth      0%         3d7       100%        3
 Animate Armour           Summ/Erth      0%         N/A       100%        4
 Flame Wave               Conj/Fire      0%         2d4       100%        4
 Leda's Liquefaction      Alch/Erth      0%         N/A       100%        4
 Olgreb's Toxic Radiance  Alch           0%         N/A       100%        4
 Petrify                  Alch/Erth      0%         N/A       100%        4
 Metabolic Englaciation   Hex/Ice        0%         N/A       100%        5
 Summon Forest            Summ/Tloc      0%         N/A       100%        5
 Eringya's Noxious Bog    Alch           0%         4d6       100%        6
 Summon Cactus Giant      Summ           0%         N/A       100%        6
 Summon Hydra             Summ           0%         N/A       100%        7
 Lehudib's Crystal Spear  Conj/Erth      0%         10d2      100%        8


Dungeon Overview and Level Annotations

Branches:
Dungeon (13/15)            Temple (1/1) D:4            Lair (2/5) D:11
    Orc (2/2) D:9             Elf (0/3) Orc:2         Sewer (visited)
  Swamp: Lair:2-3    Shoals: Lair:2-3     Snake: Lair:2-3    Spider: Lair:2-3
 Vaults: D:13-14

Altars:
Ashenzari
Cheibriados
Dithmenos
Fedhas
Gozag
Hepliaklqana
Kikubaaqudgha
Makhleb
Nemelex Xobeh
Okawaru
Qazlal
Ru
Sif Muna
Trog
Uskayaw
Vehumet
Wu Jian
Xom
Yredelemnul

Shops:
D:4 [   Orc:2 *==:

Portals:
Trove: D:13 (give +3 storm dragon scales)

Annotations:
D:10 1 runed translucent door
Orc:2 2 transporters, bezhaha's ghost, journeyman DjFE


Innate Abilities, Weirdness & Mutations

You have a pair of large antennae on your head. (SInv)
You are partially covered in yellow scales. (AC +2)
You are mostly covered in sharp spines.
Spells you cast may paralyse adjacent enemies.
Your natural rate of healing is unusually fast.


Message History

The tengu conjurer hits you but does no damage.
The tengu conjurer pecks you but does no damage.
You block the tengu conjurer's attack.
Unknown command.
You feel better. You block the death knight's attack. x2
The tengu conjurer is struck by your spines.
You kill the tengu conjurer!
The tengu conjurer's corpse shimmers and vanishes!
You slash the death knight! You burn the death knight.
The death knight is severely wounded.
You hit the death knight. You burn the death knight.
You block the death knight's attack.
The death knight is struck by your spines.
The death knight hits you with a +4 great sword!
* * * LOW HITPOINT WARNING * * *
Unknown command.
You barely miss the death knight.
The death knight is almost dead.
You hit the rakshasa. You burn the rakshasa. You hit the death knight.
You burn the death knight. The rakshasa gestures at you.
The lance of force hits you!!
* * * LOW HITPOINT WARNING * * *
You are knocked back by the lance of force.
You slam into the translucent stone wall.
Unknown command.
You feel better.
The death knight hits you with a +4 great sword!
* * * LOW HITPOINT WARNING * * *
The death knight is struck by your spines.
The death knight hits you but does no damage.
You hit the death knight. You burn the death knight.
You kill the death knight!
The death knight's corpse shimmers and vanishes!
You slash the rakshasa! You burn the rakshasa.
You closely miss the death knight. The rakshasa is struck by your spines.
The rakshasa hits you but does no damage.
The death knight is struck by your spines.
The death knight hits you with a +4 great sword!
You die...

..).......#.#.....##
...#.....#.#.^.....#
........#.#........#
...#...#.#.........#
#.....#.#..........#
.#...#.#...........#
#.#.#.#...........##
............††.R°.##
#############)..@###
#############..§p###
...........##....###
..........##......##
.........##.†.....##
...).)).'#.........#
÷.....)''..#.......#
#.....#'....##.....#
##...##...#...##...#


You could see a death knight and a rakshasa.

Vanquished Creatures
  Frances (D:13)
  An orc warlord (Orc:1)
  2 ogre magi
  10 centaur warriors
  A rakshasa (D:10)
  2 death knights (D:13)
  A hydra (D:10)
  4 boulder beetles
  3 two-headed ogres
  4 orc high priests (Orc:2)
  4 skeletal warriors
  A deep elf pyromancer (D:12)
  4 orc sorcerers
  7 orc knights
  Maurice (D:11)
  7 ugly things
  4 cyclopes
  5 manticores
  A meliai (D:10)
  A black mamba (Lair:1)
  A black mamba (shapeshifter) (D:13)
  2 gargoyles (D:12)
  A cane toad (Lair:1)
  6 kobold blastminers
  A komodo dragon (Lair:1)
  Maggie (D:6)
  A freezing wraith (D:9)
  3 kobold demonologists
  A yaktaur (D:10)
  6 trolls
  A tengu conjurer (D:13)
  A troll (shapeshifter) (D:13)
  A polar bear (Lair:1)
  2 hornets (D:9)
  A jumping spider (shapeshifter) (D:13)
  5 centaur simulacra (D:13)
  A slime creature (D:10)
  32 yaks
  2 steam dragons
  4 basilisks
  2 wargs
  4 acid dragons
  6 water moccasins
  22 orc warriors
  5 black bears
  5 centaurs
  4 ogres
  4 wolves (Lair:1)
  A centaur (shapeshifter) (D:13)
  4 bullfrogs
  9 kobold brigands
  A scorpion (shapeshifter) (D:13)
  7 scorpions
  10 wights
  13 killer bees
  4 howler monkeys
  3 hounds
  4 bombardier beetles
  15 orc priests
  3 gnoll boudas (D:7)
  4 sleepcaps
  3 iguanas
  19 orc wizards
  7 hell rats (Lair:1)
  14 gnolls (D:7)
  A river rat (Sewer)
  12 adders
  2 shadow imps
  2 ufetubi (D:6)
  2 dart slugs (D:4)
  5 ribbon worms
  81 orcs
  10 endoplasms
  4 giant cockroaches
  3 goblins
  7 hobgoblins
  11 jackals
  14 kobolds
  2 quokkas
  8 ball pythons
  10 bats
  2 frilled lizards
  13 rats
499 creatures vanquished.

Notes
Turn   | Place    | Note
-------+----------+-------------------------------------------
     0 | D:1      | Nvm9 the Demonspawn Fighter began the quest for the Orb.
     0 | D:1      | Reached XP level 1. HP: 18/18 MP: 1/1
    57 | D:1      | Gained mutation: You are partially covered in sharp spines.
                  | [demonic ancestry]
    57 | D:1      | Reached XP level 2. HP: 22/24 MP: 2/2
   374 | D:1      | Found a faded altar of an unknown god.
   916 | D:2      | Gained mutation: You have a pair of small antennae on your
                  | head. [demonic ancestry]
   916 | D:2      | Reached XP level 3. HP: 29/29 MP: 3/3
  1093 | D:2      | Found an ornate altar of the Wu Jian Council.
  1185 | D:2      | Identified the +2 troll leather armour of the Mpinguari
                  | {rN+ Regen+ rCorr Int+3}
  1284 | D:2      | Noticed a black bear
  1291 | D:2      | Killed a black bear
  1292 | D:2      | Gained mutation: You have a pair of antennae on your head.
                  | [demonic ancestry]
  1292 | D:2      | Reached XP level 4. HP: 37/37 MP: 4/4
  1292 | D:2      | Gained mutation: You are mostly covered in sharp spines.
                  | [demonic ancestry]
  1292 | D:2      | Reached XP level 5. HP: 42/42 MP: 5/5
  1765 | D:3      | Reached skill level 1 in Throwing
  1804 | D:3      | Found a burning altar of Makhleb.
  2304 | D:3      | Gained mutation: Your natural rate of healing is unusually
                  | fast. [potion of mutation]
  2432 | D:4      | Reached XP level 6. HP: 48/48 MP: 6/6
  2522 | D:4      | Identified the +2 leather armour "Kuxing" {Dex+3}
  2678 | D:4      | Found a staircase to the Ecumenical Temple.
  2934 | D:4      | Found Schrutan's Dragon-Slaying Spoils.
  3247 | Temple   | Entered the Ecumenical Temple
  3260 | Temple   | Became a worshipper of Qazlal Stormbringer
  3328 | D:5      | Entered Level 5 of the Dungeon
  3437 | D:5      | Reached XP level 7. HP: 51/55 MP: 7/7
  3567 | D:5      | Reached skill level 5 in Fighting
  3955 | D:6      | Gained mutation: Spells you cast may paralyse adjacent
                  | enemies. [demonic ancestry]
  3955 | D:6      | Reached XP level 8. HP: 62/62 MP: 8/8
  4000 | D:6      | Noticed Maggie
  4008 | D:6      | Reached * piety under Qazlal
  4015 | D:6      | Reached skill level 5 in Armour
  4015 | D:6      | Killed Maggie
  4016 | D:6      | Reached skill level 5 in Shields
  4088 | D:6      | Reached skill level 5 in Axes
  4248 | D:6      | Found a glowing drain.
  4284 | Sewer    | Entered a sewer
  4477 | Sewer    | Reached ** piety under Qazlal
  4648 | Sewer    | Gained mutation: You have a pair of large antennae on your
                  | head. (SInv) [demonic ancestry]
  4648 | Sewer    | Reached XP level 9. HP: 69/69 MP: 9/9
  6397 | D:7      | Reached *** piety under Qazlal
  7061 | D:8      | Found a radiant altar of Vehumet.
  7137 | D:8      | Reached skill level 1 in Invocations
  7422 | D:8      | Reached XP level 10. HP: 79/79 MP: 11/11
  7790 | D:9      | Noticed a brown ugly thing
  7812 | D:8      | Killed a brown ugly thing
  7813 | D:8      | Reached skill level 2 in Invocations
  7861 | D:9      | Reached **** piety under Qazlal
  7927 | D:9      | Noticed a centaur warrior
  7937 | D:9      | Killed a centaur warrior
  7938 | D:9      | Reached skill level 3 in Invocations
  7997 | D:9      | Noticed a two-headed ogre
  8007 | D:9      | Killed a two-headed ogre
  8059 | D:9      | Reached skill level 4 in Invocations
  8121 | D:9      | Noticed a brown ugly thing
  8127 | D:9      | Killed a brown ugly thing
  8179 | D:9      | Noticed a centaur warrior
  8195 | D:9      | Killed a centaur warrior
  8196 | D:9      | Reached skill level 5 in Invocations
  8292 | D:9      | Found a bloodstained altar of Trog.
  8393 | D:9      | Found a staircase to the Orcish Mines.
  8611 | D:9      | Noticed a boulder beetle
  8755 | D:8      | Killed a boulder beetle
  8756 | D:8      | Gained mutation: You are partially covered in yellow
                  | scales. (AC +2) [demonic ancestry]
  8756 | D:8      | Reached XP level 11. HP: 57/87 MP: 13/15
  8785 | D:9      | Reached skill level 5 in Throwing
  8810 | D:10     | Entered Level 10 of the Dungeon
  8943 | D:10     | Noticed a two-headed ogre
  8969 | D:10     | Killed a two-headed ogre
  8970 | D:10     | Reached skill level 6 in Invocations
  9087 | D:10     | Noticed a four-headed hydra
  9091 | D:10     | Killed a four-headed hydra
  9181 | D:10     | Noticed an orc knight
  9188 | D:10     | Killed an orc knight
  9287 | D:10     | Found a runed translucent door.
  9319 | D:10     | Noticed a rakshasa
  9319 | D:10     | Identified the ring "Bapidun" {Will++ rCorr Str+6 Dex+3
                  | Slay+2}
  9383 | D:10     | Noticed a sixfirhy
  9558 | D:10     | Killed a rakshasa
  9559 | D:10     | Reached skill level 7 in Invocations
  9701 | D:10     | Noticed a boulder beetle
  9721 | D:10     | Killed a boulder beetle
  9764 | D:10     | Noticed an ogre mage
  9771 | D:10     | Paralysed by an ogre mage for 2 turns
  9774 | D:10     | Killed an ogre mage
 10297 | D:10     | Reached XP level 12. HP: 87/96 MP: 17/17
 10329 | D:11     | Found a staircase to the Lair.
 10569 | D:11     | Noticed Maurice
 10592 | D:11     | Killed Maurice
 10593 | D:11     | Reached skill level 8 in Invocations
 10935 | D:11     | Noticed a centaur warrior
 10942 | D:11     | Killed a centaur warrior
 11490 | D:11     | Reached skill level 10 in Fighting
 11815 | Lair:1   | Entered Level 1 of the Lair of Beasts
 12011 | Lair:1   | Reached skill level 9 in Invocations
 12760 | Orc:1    | Entered Level 1 of the Orcish Mines
 12795 | D:9      | Reached XP level 13. HP: 104/104 MP: 20/20
 13589 | D:4      | Bought +1 gold dragon scales for 870 gold pieces
 14039 | Orc:2    | Entered Level 2 of the Orcish Mines
 14307 | Orc:2    | Reached skill level 10 in Invocations
 14393 | Orc:2    | Noticed an orc warlord
 14472 | Orc:1    | Killed an orc warlord
 14485 | Orc:2    | Reached skill level 10 in Armour
 14667 | Orc:2    | Reached skill level 10 in Shields
 14937 | Orc:2    | Found a staircase to the Elven Halls.
 14960 | Orc:2    | Found a transporter.
 14963 | Orc:2    | Found a transporter.
 15147 | Orc:2    | Noticed bezhaha's ghost (journeyman DjFE)
 15796 | Orc:2    | Reached skill level 10 in Axes
 15818 | Orc:2    | Found Puzasm's Book Emporium.
 15818 | Orc:2    | Found Zyci Geu's General Store.
 15820 | Orc:2    | Found Ozxej's Jewellery Emporium.
 15820 | Orc:2    | Found Sifih's Jewellery Boutique.
 15831 | Orc:2    | Bought a scroll of revelation for 112 gold pieces
 16717 | D:12     | Reached skill level 11 in Invocations
 17293 | D:13     | Reached XP level 14. HP: 72/113 MP: 22/22
 17379 | D:13     | Noticed Frances
 17681 | D:13     | Found a portal to a secret trove of treasure.
 18193 | D:13     | Killed Frances
 18642 | D:13     | Reached skill level 12 in Invocations
 18654 | D:13     | Mangled by a death knight

Illustrated notes

Levels and vault maps discovered:
D:1:      matt_arrival_grand_opening, layout_basic, shapermc_ecumenical_altar_gd
D:2:      layout_basic, basic_altar, chequers_serial_rivers_small_3
D:3:      layout_basic, bloody_makhleb
D:4:      layout_basic, lemuel_temple_firewalk_b, nicolae_shop_dragon_depot,
          nicolae_eternal_life
D:5:      layout_rooms, grunt_ministairs_10
D:6:      layout_basic, cheibrodos_sewer_entry_bend, kennysheep_generic_room_3,
          uniq_maggie
D:7:      layout_loops_cross
D:8:      layout_loops_ring, minitemple, minmay_holes, kennysheep_minor_cross,
          kennysheep_windowed_goal
D:9:      minmay_diamond_stairs, layout_rooms, mainiacjoe_overflow_alcove_2,
          david_orc_2
D:10:     minmay_the_grid_triangle_9x9_rhombus_thin_mashed
          [minmay_the_grid_triangle_9x9_windchime,
          minmay_the_grid_triangle_9x9_prize_center,
          minmay_the_grid_triangle_9x9_from_above,
          minmay_the_grid_triangle_9x9_subtriangle], layout_rooms,
          serial_curves, eino_curves_04, eino_curves_02
D:11:     layout_basic, due_lair_maze_entry_diamond, uniq_maurice
D:12:     layout_roguey
D:13:     regret_index_reflect_refract, layout_cave_pods,
          nicolae_trove_entry_free_sample, uniq_frances
Temple:   dpeg_three_leaves_temple
Lair:1:   layout_roguey
Lair:2:   layout_concentric_octagons, uniq_amaemon
Orc:1:    layout_diamond_mine
Orc:2:    grunt_orc_tribal_feast, layout_diamond_mine, gammafunk_ghost_arena

Skill      XL: |  1  2  3  4  5  6  7  8  9 10 11 12 13 14 |
---------------+-------------------------------------------+-----
Axes           | 2 3 4 5 6 7 8 9 10 | 10.6
Armour         | 3 4 5 6 7 8 9 10 | 10.9
Shields        | 3 4 5 6 7 8 9 10 | 10.9
Throwing       | 1 2 3 4 5 6 7 |  7.5
Fighting       | 4 5 6 7 8 9 10 11 | 11.8
Invocations    | 1 5 7 9 11 12 | 12.0

Action                     |  1- 3 |  4- 6 |  7- 9 | 10-12 | 13-15 || total
---------------------------+-------+-------+-------+-------+-------++-------
  Melee: War axe           |    66 |    73 |    64 |       |       ||   203
         Broad axe         |       |       |   279 |   482 |   349 ||  1110
  Throw: Dart              |       |       |     2 |    24 |     9 ||    35
         Boomerang         |       |       |     1 |     5 |       ||     6
         Throwing net      |       |       |     1 |       |     1 ||     2
 Invoke: Upheaval          |       |       |       |    17 |    21 ||    38
    Use: Scroll            |     2 |     7 |     5 |     5 |     2 ||    21
         Potion            |     1 |     3 |     4 |    12 |     6 ||    26
 Armour: Scale mail        |    50 |       |       |       |       ||    50
         Troll leather arm |     8 |    50 |   246 |   393 |    15 ||   712
         Gold dragon scale |       |       |       |       |   333 ||   333
         Chain mail        |       |       |       |       |    24 ||    24
  Dodge: Dodged            |    32 |    33 |   142 |   202 |    58 ||   467
         Repelled          |       |       |       |     2 |     6 ||     8
  Block: Buckler           |    26 |    15 |   172 |   320 |   254 ||   787

Table legend: (Time is in decaauts)
 A = Elapsed time spent in this place.
 B = Non-inter-level travel time spent in this place.
 C = Inter-level travel time spent in this place.
 D = Time resting spent in this place.
 E = Time spent auto-exploring this place.
 F = Levels seen in this place.
 G = Mean time per level.
                   A        B        C        D        E       F      G
               +--------+--------+--------+--------+--------+-----+--------+
         Total |  19168 |  17646 |   1522 |   4398 |   7817 |  19 | 1008.8 |
       Dungeon |  14383 |  12971 |   1412 |   2875 |   6489 |  13 | 1106.4 |
        Temple |     23 |     13 |     10 |      0 |      0 |   1 |   23.0 |
          Lair |    924 |    866 |     58 |    143 |    417 |   2 |  462.0 |
  Orcish Mines |   2814 |   2773 |     41 |   1079 |    517 |   2 | 1407.0 |
         Sewer |   1023 |   1023 |      0 |    300 |    393 |   1 | 1023.0 |
               +--------+--------+--------+--------+--------+-----+--------+

Top non-repeatable levels by time:
   Orc:2: 1857 daAuts
    D:10: 1702 daAuts
     D:9: 1528 daAuts
     D:6: 1521 daAuts
    D:13: 1430 daAuts
    D:11: 1363 daAuts
     D:7: 1118 daAuts
     D:8: 1080 daAuts
     D:4: 1065 daAuts
   Sewer: 1023 daAuts
   Orc:1: 956 daAuts
     D:1: 937 daAuts
     D:2: 875 daAuts
  Lair:1: 749 daAuts
     D:3: 671 daAuts
